 Dungeon Crawl Stone Soup version 0.30.0-30-g96aa6591b8 (webtiles) character file.

Game seed: 10493687867253760703

18629 coffeetime the Basher (level 12, -4/150 (160) HPs)
             Began as a Minotaur Hunter on June 28, 2023.
             Was a High Priest of Okawaru.
             Slain by a pharaoh ant (6 damage)
             ... on level 1 of the Spider Nest.
             The game lasted 01:09:16 (8701 turns).

coffeetime the Basher (Minotaur Hunter)             Turns: 8701, Time: 01:09:17

HP:   -4/150 (160)  AC: 22    Str: 17    XL:     12   Next: 29%
MP:   11/11         EV:  2    Int:  6    God:    Okawaru [*****.]
Gold: 386           SH:  0    Dex: 18    Spells: 11/11 levels left

rFire   . . .        S - +2 great mace (holy)
rCold   . . .        (shield currently unavailable)
rNeg    . . .        Q - melded +4 plate armour {rC+}
rPois   +            (helmet currently unavailable)
rElec   .            C - melded +0 cloak
rCorr   .            O - melded +1 pair of gloves "Puawic" {rN++}
SInv    +            (boots currently unavailable)
Will    .....        z - amulet of regeneration
Stlth   ++           J - ring of see invisible
HPRegen 1.25/turn    g - +4 ring of protection
MPRegen 0.12/turn

%: no passive effects
@: lethally poisoned (-4 -> -4), tree-form, corroded, drained
A: stationary, stasis, torment immunity, boosted hp, (horns 2), (retaliatory
headbutt)
a: Renounce Religion, Heroism, Finesse, Duel


You were on level 1 of the Spider Nest.
You worshipped Okawaru.
Okawaru was extremely pleased with you.
You were a tree.
You visited 4 branches of the dungeon, and saw 17 of its levels.
You also visited: Bailey and Ice Cave.

You collected 626 gold pieces.
You spent 240 gold pieces at shops.

Inventory:

Hand Weapons
 a - a +0 shortbow
 j - a +2 whip of freezing
 l - a +4 dagger of venom
 o - a +4 battleaxe
 s - a +1 dagger of venom
 A - a +4 trident
 E - a +2 trident of venom
 G - a +3 morningstar
 R - a +1 spear of flaming
 S - a +2 great mace of holy wrath (weapon)
Missiles
 m - 6 curare-tipped darts
 q - 90 stones
 t - 22 poisoned darts
 w - 2 boomerangs of dispersal
Armour
 n - +0 steam dragon scales
 p - a scarf of resistance
 v - the +0 robe "Qifyv" {Rampage Fly Int+5}
   (You found it on level 3 of the Dungeon)

   Int:       It affects your intelligence (+5).
   Fly:       It grants you flight.
   Rampage:   It bestows one free step when moving towards enemies.
 C - a +0 cloak (melded)
 O - the +1 pair of gloves "Puawic" (melded) {rN++}
   (You acquired it in a bailey)

   rN:        It greatly protects you from negative energy.
 Q - a +4 plate armour of cold resistance (melded)
 U - a +0 kite shield
Jewellery
 c - a ring of protection from fire
 g - a +4 ring of protection (right branch)
 y - a ring of fire
 z - an amulet of regeneration (around neck)
 J - a ring of see invisible (left branch)
Wands
 D - a wand of paralysis (5)
 H - a wand of acid (4)
 W - a wand of digging (6)
Scrolls
 b - 7 scrolls of immolation
 e - 2 scrolls of enchant armour
 h - 2 scrolls of teleportation
 r - 4 scrolls of fog
 u - 4 scrolls of fear {unknown}
 x - 6 scrolls of vulnerability
 B - a scroll of enchant weapon
 F - a scroll of noise {unknown}
 I - a scroll of poison {unknown}
 K - a scroll of amnesia {unknown}
 L - a scroll of brand weapon {unknown}
 P - 2 scrolls of blinking {unknown}
 V - 3 scrolls of identify
 X - 4 scrolls of magic mapping
Potions
 d - 3 potions of curing
 f - a potion of attraction {unknown}
 i - 2 potions of heal wounds {unknown}
 k - 2 potions of brilliance
 M - a potion of lignification
 N - 2 potions of ambrosia {unknown}
 T - 4 potions of flight {unknown}
 Y - 2 potions of haste
 Z - a potion of berserk rage


   Skills:
 + Level 10.3 Fighting
 + Level 1.3 Short Blades
 + Level 0.2(9.5) Axes
 + Level 14.7 Maces & Flails
 + Level 9.4 Ranged Weapons
 + Level 10.1 Armour
 * Level 6.3 Dodging
 + Level 1.5 Stealth
 + Level 0.1 Invocations
 - Level 5.0 Evocations


You had 11 spell levels left.
You didn't know any spells.
Your spell library contained the following spells:

 Spells                   Type           Power      Damage    Failure   Level
 Beastly Appendage        Tmut           0%         N/A       45%         1
 Sting                    Tmut/Pois      0%         1d3       45%         1
 Blink                    Tloc           0%         N/A       58%         2
 Passwall                 Tmut/Erth      0%         N/A       58%         2
 Scorch                   Fire           0%         2d5       58%         2
 Wereblood                Tmut           0%         N/A       58%         2
 Dazzling Flash           Conj/Hex       0%         N/A       83%         3
 Spider Form              Tmut/Pois      0%         N/A       83%         3
 Volatile Blastmotes      Fire/Tloc      0%         2d10      83%         3
 Flame Wave               Conj/Fire      0%         2d4       99%         4
 Iskenderun's Mystic Bla  Conj/Tloc      0%         2d3       99%         4
 Manifold Assault         Tloc           0%         N/A       99%         4
 Agony                    Necr           0%         N/A       100%        5
 Borgnjor's Vile Clutch   Necr/Erth      0%         N/A       100%        5
 Iskenderun's Battlesphe  Conj           0%         2d6       100%        5
 Silence                  Hex/Air        0%         N/A       100%        5
 Iron Shot                Conj/Erth      0%         9d1       100%        6
 Starburst                Conj/Fire      0%         6d3       100%        6
 Storm Form               Tmut/Air       0%         N/A       100%        7
 Maxwell's Capacitive Co  Air            0%         ∞         100%        8
 Animate Armour           Summ/Erth      Unusable   N/A       N/A         4
 Animate Dead             Necr           Unusable   N/A       N/A         4
 Summon Lightning Spire   Summ/Air       Unusable   N/A       N/A         4
 Death Channel            Necr           Unusable   N/A       N/A         6
 Summon Cactus Giant      Summ           Unusable   N/A       N/A         6
 Spellforged Servitor     Conj/Summ      Unusable   N/A       N/A         7

Dungeon Overview and Level Annotations

Branches:
Dungeon (10/15)            Temple (1/1) D:5            Lair (4/5) D:10
 Spider (2/4) Lair:3       Bailey (visited)           IceCv (visited)
  Swamp: Lair:2-3    Shoals: Lair:2-3     Slime: Lair:4-5       Orc: D:9-12

Altars:
Ashenzari
Cheibriados
Dithmenos
Elyvilon
Fedhas
Gozag
Makhleb
Nemelex Xobeh
Okawaru
Qazlal
Ru
Sif Muna
Trog
Uskayaw
Vehumet
Wu Jian
Xom
Yredelemnul
Zin
The Shining One

Shops:
D:7 *   D:8 ?(=*   D:9 :

Annotations:
D:3 1 runed translucent door, passiveaggressive's ghost, amateur KoBr
D:7 1 runed translucent door, bmack86's ghost, amateur MiFi
D:9 1 runed translucent door, Kaoy's ghost, novice TrMo
Spider:2 Frances


Innate Abilities, Weirdness & Mutations

You are a tree.
Your roots penetrate the ground, keeping you stationary.
You cannot be teleported.
You are immune to unholy pain and torment.
Your maximum health is greatly increased.
Your equipment is partially melded.
((You have a pair of horns on your head.))
((You reflexively headbutt those who attack you in melee.))


Message History

You see here a redback corpse.
You feel extremely sick. The redback attacks as you move away!
The redback bites you but does no damage.
You feel extremely sick.
The redback bites you but does no damage.
As you read the scroll of teleportation, it crumbles to dust.
You feel strangely unstable.
You feel extremely sick. The redback closely misses you.
The redback attacks as you move away!
The redback bites you but does no damage.
You feel very sick.
The entropy weaver points at you and mumbles some strange words.
The entropic weave corrodes you!
The redback bites you but does no damage.
You feel very sick. The redback attacks as you move away!
The redback bites you!
* * * LOW HITPOINT WARNING * * *
Your surroundings suddenly seem different.
Found a chain mail.
You feel very sick.
You feel very sick.
You feel sick.
You feel sick.
Found a potion of lignification.
You feel sick.
You feel sick.
Really quaff the potion of lignification?
Uppercase [Y]es or [N]o only, please.
Really quaff the potion of lignification?
You turn into a tree.
Your +0 cloak melds into your body.
The +1 pair of gloves "Puawic" {rN++} melds into your body.
Your +4 plate armour of cold resistance melds into your body.
You feel less resistant to cold.
Your roots penetrate the ground.
You feel sick.
You feel sick.
You feel sick. The pharaoh ant bites you!!
* * * LOW HITPOINT WARNING * * *
You feel drained.
You die...

..## ..#.. ##
...####.##..
##..#....!...
#...#........
#...#.#
#..#♣##
##..B..# .
#.....##....
####........
#[........
####..##..
### .


You could see a pharaoh ant.

Vanquished Creatures
  An orc high priest (Bailey)
  Nergalle (Lair:1)
  A skyshark (Lair:3)
  An orc knight (Bailey)
  A black mamba (Lair:2)
  3 cane toads
  A demonic crawler (Spider:1)
  2 komodo dragons (Lair:1)
  A rime drake (Lair:2)
  A kobold demonologist (Bailey)
  5 polar bears
  A tarantella (Spider:2)
  2 hornets
  13 blink frogs
  A wraith (D:10)
  A wyvern (Lair:2)
  4 steam dragons
  14 yaks
  2 basilisks (Lair:3)
  2 redbacks
  Menkaure (D:7)
  An acid dragon (D:9)
  4 water moccasins
  An ice beast (D:6)
  8 black bears
  A sky beast (D:6)
  15 wolves
  8 orc warriors
  2 ogres
  A lemure (D:3)
  2 phantoms (D:5)
  3 kobold brigands
  13 bullfrogs
  A scorpion (D:10)
  15 wights
  3 killer bees (D:9)
  3 howler monkeys
  3 electric eels (Bailey)
  A gnoll bouda (D:6)
  2 orc priests (D:9)
  3 orc wizards (D:3)
  A hell rat (Lair:3)
  A mummy (D:9)
  Robin (D:3)
  18 gnolls
  8 adders
  A shadow imp (D:8)
  A worm (D:2)
  4 dart slugs
  20 orcs
  6 endoplasms
  A giant cockroach (D:1)
  26 goblins
  13 hobgoblins
  4 jackals (D:1)
  2 quokkas
  8 ball pythons
  5 bats
  A frilled lizard (D:2)
  26 kobolds
  5 rats
301 creatures vanquished.

Notes
Turn   | Place    | Note
-------+----------+-------------------------------------------
     0 | D:1      | coffeetime the Minotaur Hunter began the quest for the Orb.
     0 | D:1      | Reached XP level 1. HP: 18/18 MP: 0/0
   108 | D:1      | Reached XP level 2. HP: 25/25 MP: 1/1
   181 | D:1      | Reached skill level 5 in Ranged Weapons
   480 | D:1      | Reached XP level 3. HP: 30/30 MP: 2/2
  1127 | D:2      | Reached XP level 4. HP: 37/37 MP: 3/3
  1556 | D:3      | Identified the +0 robe "Qifyv" {Rampage Fly Int+5}
  1644 | D:3      | Reached skill level 1 in Armour
  1644 | D:3      | Reached skill level 1 in Stealth
  1680 | D:3      | Reached skill level 1 in Maces & Flails
  1680 | D:3      | Reached XP level 5. HP: 11/44 MP: 4/4
  2155 | D:3      | Noticed Robin
  2186 | D:3      | Killed Robin
  2310 | D:3      | Found a runed translucent door.
  2317 | D:3      | Noticed passiveaggressive's ghost (amateur KoBr)
  2357 | D:3      | Found an iron altar of Okawaru.
  2366 | D:3      | Became a worshipper of Warmaster Okawaru
  2574 | D:4      | Found a radiant altar of Vehumet.
  2597 | D:4      | Reached XP level 6. HP: 51/51 MP: 5/5
  2836 | D:5      | Entered Level 5 of the Dungeon
  2860 | D:5      | Found a staircase to the Ecumenical Temple.
  2876 | Temple   | Entered the Ecumenical Temple
  2940 | D:5      | Reached * piety under Okawaru
  2941 | D:5      | Reached skill level 2 in Maces & Flails
  2941 | D:5      | Reached XP level 7. HP: 43/59 MP: 6/6
  3190 | D:6      | Reached skill level 5 in Fighting
  3222 | D:6      | Reached skill level 3 in Maces & Flails
  3528 | D:7      | Found Taw Mohu's Assorted Antiques.
  3583 | D:7      | Reached XP level 8. HP: 67/70 MP: 7/7
  3618 | D:7      | Reached skill level 4 in Maces & Flails
  3641 | D:7      | Reached ** piety under Okawaru
  3698 | D:6      | Reached skill level 1 in Short Blades
  3807 | D:7      | Noticed a hornet
  3817 | D:7      | Killed a hornet
  3818 | D:7      | Reached skill level 5 in Maces & Flails
  3939 | D:7      | Reached *** piety under Okawaru
  3963 | D:7      | Reached XP level 9. HP: 79/80 MP: 8/8
  4028 | D:6      | Reached skill level 6 in Maces & Flails
  4048 | D:6      | Reached skill level 5 in Armour
  4210 | D:8      | Found Uvunoigh's Magic Scroll Shop.
  4211 | D:8      | Found Textud's Antique Weapon Shop.
  4212 | D:8      | Found Pugre's Jewellery Shop.
  4217 | D:8      | Found Dufooron's General Store.
  4229 | D:8      | Bought a ring of see invisible for 180 gold pieces
  4232 | D:8      | Bought a scroll of identify for 30 gold pieces
  4232 | D:8      | Bought a scroll of identify for 30 gold pieces
  4265 | D:8      | Reached skill level 7 in Maces & Flails
  4286 | D:8      | Reached **** piety under Okawaru
  4323 | D:7      | Found a runed translucent door.
  4330 | D:7      | Noticed a two-headed ogre
  4330 | D:7      | Noticed bmack86's ghost (amateur MiFi)
  4332 | D:7      | Noticed Menkaure
  4346 | D:7      | Killed Menkaure
  4347 | D:7      | Reached skill level 8 in Maces & Flails
  4728 | D:8      | Reached XP level 10. HP: 91/93 MP: 9/9
  4878 | D:8      | Found a glowing silver altar of Zin.
  5192 | D:9      | Found a flagged portal.
  5203 | Bailey   | Entered a bailey
  5217 | Bailey   | Reached skill level 10 in Fighting
  5320 | Bailey   | Reached skill level 1 in Evocations
  5325 | Bailey   | Reached skill level 9 in Maces & Flails
  5425 | Bailey   | Noticed an orc knight
  5444 | Bailey   | Killed an orc knight
  5461 | Bailey   | Acquired the +1 pair of gloves "Puawic" {rN++}
  5628 | Bailey   | Found an iron altar of Okawaru.
  5628 | Bailey   | Noticed an orc high priest
  5631 | Bailey   | Noticed a rust devil
  5638 | Bailey   | Noticed an orange demon
  5649 | Bailey   | Killed an orc high priest
  5650 | Bailey   | Reached skill level 10 in Maces & Flails
  5670 | Bailey   | Got the Essays on the Crater and the Panacea
  5767 | D:9      | Found a runed translucent door.
  5769 | D:9      | Noticed Kaoy's ghost (novice TrMo)
  5769 | D:9      | Identified the +5 spear "Ysorghast" {antimagic, Will- Str+4
                  | Int+2}
  5846 | D:9      | Found an ornate altar of the Wu Jian Council.
  5869 | D:9      | Found a snail-covered altar of Cheibriados.
  6007 | D:9      | Reached ***** piety under Okawaru
  6168 | D:9      | Reached skill level 11 in Maces & Flails
  6199 | D:9      | Found Atro's Book Shop.
  6270 | D:10     | Entered Level 10 of the Dungeon
  6307 | D:10     | Reached skill level 5 in Dodging
  6322 | D:10     | Received a gift from Okawaru
  6335 | D:10     | Reached XP level 11. HP: 99/99 MP: 10/10
  6359 | D:10     | Found a staircase to the Lair.
  6369 | Lair:1   | Entered Level 1 of the Lair of Beasts
  6491 | Lair:1   | Reached skill level 12 in Maces & Flails
  6708 | Lair:2   | Found a frozen archway.
  6720 | IceCv    | Entered an ice cave
  6758 | IceCv    | Noticed a death yak
  6762 | IceCv    | Noticed a death yak
  6774 | IceCv    | Reached skill level 13 in Maces & Flails
  7010 | Lair:1   | Noticed Nergalle
  7020 | Lair:1   | Killed Nergalle
  7020 | Lair:1   | Received a gift from Okawaru
  7689 | Lair:3   | Noticed a skyshark
  7815 | Lair:2   | Reached skill level 5 in Evocations
  7879 | Lair:2   | Reached skill level 14 in Maces & Flails
  7911 | Lair:2   | Reached XP level 12. HP: 85/106 MP: 11/11
  8362 | Lair:3   | Reached skill level 10 in Armour
  8456 | Lair:3   | Found a hole to the Spider Nest.
  8466 | Spider:1 | Entered Level 1 of the Spider Nest
  8492 | Spider:2 | Received a gift from Okawaru
  8493 | Spider:2 | Noticed Frances
  8588 | Spider:1 | Noticed an entropy weaver
  8685 | Spider:1 | Noticed an entropy weaver
  8701 | Spider:1 | HP: 2/157 [pharaoh ant (25)]
  8701 | Spider:1 | Slain by a pharaoh ant

Illustrated notes

Levels and vault maps discovered:
D:1:      shiori_arrival_whats_in_store_for_you, layout_loops_ring
D:2:      layout_loops_ring, st_stairs_13, grunt_ministairs_7
D:3:      layout_basic, lemuel_zombie_altar_kikubaaqudgha,
          kennysheep_okawaru_gauntlet, ebering_ghost_sewer_d,
          minmay_misc_feat_hallway, uniq_robin
D:4:      layout_cave_pools, nicolae_overflow_hidden_temple,
          nicolae_vehumet_altar_sigil, uniq_pikel
D:5:      layout_basic, minmay_temple_entry_statues_fountains,
          kennysheep_cross_room, minivault_24, uniq_blork_the_orc
D:6:      layout_loops_ring
D:7:      gammafunk_wand_slinger, layout_cave_pools, serial_shops, shop,
          ebering_ghost_inner_flame, uniq_menkaure
D:8:      layout_loops_corners, kennysheep_mini, minmay_shop_grid_forest
D:9:      layout_roguey, slow_altar_1, nzn_wu_jian_council_hall,
          lightli_bailey_entry_fortress, serial_shops, shop,
          ebering_ghost_funeral_grove
D:10:     layout_basic, grunt_lair_entry_orc_guard_hut, orc_0_dummy,
          gammafunk_ghost_smash
Temple:   nicolae_temple_no_exploring_needed
Lair:1:   layout_gridlike, minivault_25, grunt_megastairs_2, uniq_nergalle
Lair:2:   layout_regular_city, portal_ice_cave_entry_pillars_1,
          lemuel_fruit_fields
Lair:3:   layout_layer_cave, swamp_mist_pool, spider_nest_entry_webs,
          basic_altar
Lair:4:   beast_lair_carwin_large_3, layout_cave_pods
Spider:1: layout_spider_delve, hangedman_spider_tarantella_strand
Spider:2: nicolae_spider_hilbert_zone_5 [nicolae_spider_hilbert_3_sides_1_open,
          nicolae_spider_hilbert_4_sides_1_open,
          nicolae_spider_hilbert_4_sides_1_open,
          nicolae_spider_hilbert_6_sides_1_open,
          nicolae_spider_hilbert_6_sides_1_open], nzn_ghost_randoct,
          uniq_frances, uniq_arachne, uniq_louise

Skill      XL: |  1  2  3  4  5  6  7  8  9 10 11 12 |
---------------+-------------------------------------+-----
Ranged Weapons | 5 6 7 8 9 |  9.4
Armour         | 1 2 3 4 6 7 9 10 | 10.1
Stealth        | 1 |  1.5
Maces & Flails | 1 2 3 5 8 11 14 | 14.7
Fighting       | 3 4 5 7 9 10 | 10.3
Dodging        | 3 4 5 6 |  6.3
Short Blades   | 1 |  1.3
Evocations     | 3 5 |  5.0
Axes           | |  0.2
Invocations    | |  0.1

Action                     |  1- 3 |  4- 6 |  7- 9 | 10-12 || total
---------------------------+-------+-------+-------+-------++-------
  Melee: Whip              |    22 |    84 |    89 |       ||   195
         Headbutt          |     1 |    11 |    50 |   111 ||   173
         Punch             |       |     1 |     3 |     4 ||     8
         Dagger            |       |     3 |    12 |       ||    15
         Morningstar       |       |       |   144 |   235 ||   379
         Great mace        |       |       |       |   277 ||   277
         Battleaxe         |       |       |       |     1 ||     1
   Fire: Shortbow          |   101 |   117 |    34 |    39 ||   291
 Invoke: Heroism           |       |       |     2 |     5 ||     7
  Evoke: Wand              |       |       |       |     6 ||     6
    Use: Scroll            |       |     5 |     4 |     6 ||    15
         Potion            |       |       |       |     4 ||     4
 Armour: Leather armour    |    33 |    31 |       |       ||    64
         Scale mail        |       |    19 |   146 |    39 ||   204
         Plate armour      |       |       |       |   444 ||   444
  Dodge: Dodged            |    56 |    76 |   158 |   286 ||   576
